 Dungeon Crawl Stone Soup version 0.22.0 (console) character file.

16 CALLOUS the Vexing (level 2, 0/31 HPs)
             Began as a Barachi Enchanter on Aug 11, 2018.
             Slain by a hound (2 damage)
             ... on level 4 of the Dungeon.
             The game lasted 00:36:21 (1680 turns).

CALLOUS the Vexing (Barachi Enchanter)              Turns: 1680, Time: 00:36:22

Health: 0/31       AC: 21    Str:  9    XL:     2   Next: 58%
Magic:  0/5        EV:  2    Int: 17    God:
Gold:   138        SH:  0    Dex: 12    Spells: 2/5 levels left

rFire    . . .     SeeInvis .   a - +1 dagger
rCold    . . .     Gourm    .   (no shield)
rNeg     + + +     Faith    .   (armour currently unavailable)
rPois    +         Spirit   .   (helmet currently unavailable)
rElec    .         Reflect  .   (cloak currently unavailable)
rCorr    .         Harm     .   (gloves currently unavailable)
MR       .....     NoTele   +   (boots currently unavailable)
Stlth    ++........             (no amulet)
HPRegen  0.10/turn              (no ring)
MPRegen  0.09/turn              (no ring)

@: tree-form
A: +LOS, swims, clever 1, deterioration 1
a: no special abilities


You were on level 4 of the Dungeon.
You were not hungry.
You were a tree.
You visited 1 branch of the dungeon, and saw 3 of its levels.

You collected 138 gold pieces.

Inventory:

Hand Weapons
 a - a +1 dagger (weapon)
 m - a +0 spear
Missiles
 e - 28 stones (quivered)
 i - 3 tomahawks
Armour
 n - a cursed +0 buckler
 o - a cursed +0 leather armour (melded)
Scrolls
 f - a scroll of teleportation {unknown}
 g - a scroll of fog {unknown}
 l - 2 scrolls of remove curse {unknown}
 p - a scroll of amnesia {unknown}
 q - a scroll of immolation {unknown}
 r - a scroll of blinking {unknown}


   Skills:
 * Level 1.4 Fighting
 - Level 1.1 Short Blades
 * Level 1.4 Armour
 + Level 2.4 Dodging
 - Level 2.6 Stealth
 - Level 2.1 Spellcasting
 - Level 3.2 Hexes
 * Level 0.5 Ice Magic


You had 2 spell levels left.
You knew the following spells:

 Your Spells              Type           Power        Failure   Level  Hunger
a - Corona                Hex            ##.....      4%          1    #......
b - Ensorcelled Hibernat  Hex/Ice        #.....       13%         2    ###....

Your spell library contained the following spells:

 Spells                   Type           Power        Failure   Level  Hunger
 Confuse                  Hex            ##......     14%         3    ###....
 Tukima's Dance           Hex            ##......     14%         3    ###....
 Dazzling Spray           Conj/Hex       #.....       28%         3    ###....


Dungeon Overview and Level Annotations

Branches:
Dungeon (4/15)
 Temple: D:4-7

Altars:
Nemelex Xobeh
Xom

Annotations:
D:2 exclusion: 3 adders
D:4 Edmund, Pikel


Innate Abilities, Weirdness & Mutations

Shadows flee at your approach. (+LOS)
You can swim through water.
((You cover ground slowly.))
((You can hop short distances.))
((You have a pair of small horns on your head.))
Your mind is acute. (Int +2)
Your body sometimes deteriorates upon taking damage.


Message History

Unknown command.
Unknown command.
Unknown command.
Sorry, you're not good enough to have a special ability.
Unknown command.
Unknown command.
Casting: Ensorcelled Hibernation (safe; 13% risk of failure)
Confirm with . or Enter, or press ? or * to list all spells.
Aiming: Ensorcelled Hibernation (safe; 13% risk of failure)
Press: ? - help, Shift-Dir - straight line, f - iguana, p - hound
Aim: an iguana (severely wounded, chance to defeat MR: 49%)
The iguana resists with some effort.
The hound bites you.
* * * LOW HITPOINT WARNING * * *
The orc wizard hits you but does no damage.
The hound bites you but does no damage. The orc hits you but does no damage.
The iguana bites you but does no damage.
You hit the iguana but do no damage.
The iguana is severely wounded.
The hound bites you.
You die...

. #. #.. #.# ### #...
..## #..## ..# ..
#...##.### .. #.lp.p.##
.####.
#lh##...#####.#....
.......#♣###p..........$.
.......#o###.............
!......ooK............#..
.... ...p..###...........
..o ..###.# #......?..#
## .## #.# #.........##
.. .# #...(......# ..
#.#####..(...... ..
........(.....
#p###...........
#...............


You could see Pikel, 2 slaves, an iguana, a hound, an orc wizard, 2 orcs and a
frilled lizard.

Vanquished Creatures
  A dart slug (D:1)
  A bat (D:1)
  A goblin (D:1)
  3 hobgoblins (D:1)
  6 kobolds
  A frilled lizard (D:1)
  A rat (D:2)
14 creatures vanquished.

Notes
Turn   | Place    | Note
-------+----------+-------------------------------------------
     0 | D:1      | CALLOUS the Barachi Enchanter began the quest for the Orb.
     0 | D:1      | Reached XP level 1. HP: 13/13 MP: 3/3
   352 | D:1      | Reached skill level 1 in Fighting
   352 | D:1      | Reached skill level 1 in Armour
   352 | D:1      | Reached XP level 2. HP: 18/21 MP: 3/5
   356 | D:1      | Learned a level 2 spell: Ensorcelled Hibernation
  1238 | D:2      | Found a sparkling altar of Nemelex Xobeh.
  1258 | D:2      | Found a shimmering altar of Xom.
  1639 | D:2      | You fall through a shaft for 2 floors!
  1639 | D:4      | Noticed a slave
  1639 | D:4      | Noticed a slave
  1639 | D:4      | Noticed Edmund
  1659 | D:4      | Gained mutation: Your body sometimes deteriorates upon taking damage. [potion of mutation]
  1659 | D:4      | Gained mutation: You have a pair of small horns on your head. [potion of mutation]
  1659 | D:4      | Gained mutation: Your mind is acute. (Int +2) [potion of mutation]
  1664 | D:4      | Noticed a slave
  1668 | D:4      | Noticed a slave
  1670 | D:4      | Noticed Pikel
  1679 | D:4      | HP: 1/31 [hound (1)]
  1680 | D:4      | Slain by a hound

Skill      XL: |  1 |
---------------+----+-----
Fighting       | 1 |  1.4
Armour         | 1 |  1.4
Short Blades   | |  1.1
Dodging        | |  2.4
Stealth        | |  2.6
Spellcasting   | |  2.1
Hexes          | |  3.2
Ice Magic      | |  0.5

Action                   || total
-------------------------++-------
Melee: Dagger            ||    60
Throw: Stone             ||    78
       Tomahawk          ||     1
 Cast: Corona            ||     8
       Ensorcelled Hiber ||     9
 Abil: Hop               ||     2
  Use: Potion            ||     2
 Stab: Sleeping          ||     6
  Eat: Ration            ||     1
       Chunk             ||     1
Armor: Robe              ||     4
       Skin              ||    56
       Leather armour    ||     4
Dodge: Dodged            ||    32
